[Event "Titled Tuesday Blitz November 22 Late 2022"]
[White "Perera Alfonso, Rene Humberto"]
[Black "Kovacevic, Radmila"]
[WhiteFideId "3514722"]
[BlackFideId "933171"]
[WhiteElo "2313"]
[BlackElo "2208"]
[Result "0-1"]
[Round "01"]
[TimeControl "180+1"]
[Date "2022.11.23"]
[WhiteClock "0:00:09"]
[BlackClock "0:00:03"]

1. e4 e5 2. Nf3 f5 3. Nxe5 Qf6 4. d4 d6 5. Nc4 fxe4 6. Nc3 Qg6 7. f3 exf3 8. Qxf3 Be7 9. Bd3 Qe6+ 10. Be3 Nf6 11. O-O O-O 12. d5 Qg4 13. Qxg4 Nxg4 14. Bd4 c5 15. Rxf8+ Bxf8 16. Nb5 Nd7 17. Bc3 a6 18. Nc7 Ra7 19. Ne6 Be7 20. a4 Nde5 21. Nxe5 Nxe5 22. Nxc5 b6 23. Ne4 Nxd3 24. cxd3 Rc7 25. Bd4 Rc2 26. b4 Bb7 27. Bxb6 Bxd5 28. Bf2 Bc6 29. Bd4 d5 30. Nc5 a5 31. Re1 Bf8 32. Re6 Ba8 33. Ra6 axb4 34. Rxa8 Kf7 35. Rc8 b3 36. Rc7+ Kg8 37. Ne6 Rxc7 38. Nxc7 Bc5 39. Bxc5 b2 40. a5 b1=Q+ 41. Kf2 Qa2+ 42. Ke3 Qxa5 43. Kd4 Qd2 44. Nxd5 Qxg2 45. h4 Qg4+ 46. Ke5 Qxh4 47. d4 Qh2+ 48. Ke6 h5 49. Ne7+ Kh7 50. d5 Qe2+ 51. Kd7 Qg4+ 52. Kc6 Qf3 53. Bd6 h4 54. Kc5 h3 55. Be5 Qd3 56. d6 Qc2+ 57. Kd5 h2 58. Ke6 h1=Q 59. d7 Qb3+ 60. Kd6 Qhd1+ 61. Kc7 Qc4+ 62. Kd8 Qcd3 63. Ke8 Qxd7+ 64. Kf8 Qe6 65. Bxg7 Qd8# 0-1


[Site "https://www.chess.com"]

[Event "Titled Tuesday Blitz November 22 Late 2022"]
[White "Petrovic, Aleksa"]
[Black "Galchenko, Matvey"]
[WhiteFideId "967629"]
[BlackFideId "24175480"]
[WhiteElo "2224"]
[BlackElo "2403"]
[Result "0-1"]
[Round "01"]
[TimeControl "180+1"]
[Date "2022.11.23"]
[WhiteClock "0:00:13"]
[BlackClock "0:00:33"]

1. d4 Nf6 2. c4 c5 3. d5 e6 4. Nc3 exd5 5. cxd5 d6 6. Nf3 g6 7. Nd2 Bg7 8. e4 O-O 9. Be2 Re8 10. O-O Na6 11. a4 Nb4 12. f3 b6 13. Nc4 Ba6 14. Bf4 Nh5 15. Bd2 Bd4+ 16. Kh1 f5 17. exf5 gxf5 18. f4 Nf6 19. Nb5 Bxb5 20. axb5 Nbxd5 21. Bd3 Ne4 22. Qh5 Qf6 23. Rae1 Nf2+ 24. Rxf2 Rxe1+ 25. Bxe1 Bxf2 26. Bxf2 Rf8 27. Qf3 Nb4 28. h4 Re8 29. h5 h6 30. Kh2 Re7 31. Ne3 Re8 32. Nd5 Nxd5 33. Qxd5+ Kg7 34. Bxf5 Re2 35. Qb7+ Qf7 36. Qxf7+ Kxf7 37. Kg3 Rxb2 38. Bg6+ Kf6 39. Kf3 Rb3+ 40. Ke4 Rxb5 41. Bh4+ Kg7 42. f5 Rb4+ 43. Kd5 Rxh4 44. Kxd6 c4 45. Ke7 Rf4 0-1


[Site "https://www.chess.com"]

[Event "Titled Tuesday Blitz November 22 Late 2022"]
[White "Pino Perez, Lazaro"]
[Black "Rosen, Eric"]
[WhiteFideId "3517055"]
[BlackFideId "2032562"]
[WhiteElo "2170"]
[BlackElo "2362"]
[Result "0-1"]
[Round "01"]
[TimeControl "180+1"]
[Date "2022.11.23"]
[WhiteClock "0:00:01"]
[BlackClock "0:00:18"]

1. d4 d5 2. Bf4 Nf6 3. e3 c5 4. Nf3 Nc6 5. Nbd2 cxd4 6. exd4 Bf5 7. Bb5 Rc8 8. Ne5 Qb6 9. Bxc6+ bxc6 10. Nb3 e6 11. g4 Bg6 12. h4 h5 13. Nxg6 fxg6 14. Qd3 Kf7 15. g5 Nd7 16. O-O-O c5 17. dxc5 Bxc5 18. Kb1 Rhe8 19. Rh3 Nf8 20. Nxc5 Qxc5 21. Be5 Kg8 22. Qe2 Kh7 23. Rc3 Qb6 24. Bd4 Qb8 25. Rxc8 Rxc8 26. b3 Qd6 27. Qe3 a5 28. f4 a4 29. Qe5 Qe7 30. Rf1 Nd7 31. Qe3 Qd6 32. Re1 Re8 33. Bb2 a3 34. Ba1 Nc5 35. Qd4 Qe7 36. Qb4 Ne4 37. Qd4 Rf8 0-1


[Site "https://www.chess.com"]

[Event "Titled Tuesday Blitz November 22 Late 2022"]
[White "Plat, Vojtech"]
[Black "Fernandez Garcia, Gumersindo"]
[WhiteFideId "325740"]
[BlackFideId "24516740"]
[WhiteElo "2514"]
[BlackElo "2140"]
[Result "1-0"]
[Round "01"]
[TimeControl "180+1"]
[Date "2022.11.23"]
[WhiteClock "0:01:26"]
[BlackClock "0:00:18"]

1. e4 c5 2. Nf3 g6 3. c3 Bg7 4. d4 cxd4 5. cxd4 d5 6. e5 Nc6 7. Nc3 Bg4 8. Be2 Nh6 9. O-O O-O 10. h3 Bxf3 11. Bxf3 Nf5 12. Bxd5 Nfxd4 13. f4 e6 14. Bxc6 Nxc6 15. Be3 Qxd1 16. Rfxd1 Rfd8 17. Nb5 a6 18. Nd6 Rd7 19. Rac1 Ne7 20. Kf2 Nd5 21. Kf3 h5 22. Ne4 Rad8 23. Bc5 Bh6 24. Rxd5 Rxd5 25. Nf6+ Kg7 26. Nxd5 Rxd5 27. Be7 Rd3+ 28. Ke4 Rd7 29. Bf6+ Kh7 30. g4 Bg7 31. Bg5 hxg4 32. hxg4 Bf8 33. Rc8 Bg7 34. Bf6 Bxf6 35. exf6 g5 36. fxg5 Rd5 37. Rf8 Rd7 38. Kf4 Rc7 39. Kg3 Rd7 40. Kh4 e5 41. Re8 Rd5 42. Kh5 Rd2 43. g6+ fxg6+ 44. Kg5 Rf2 45. Re7+ Kg8 46. Kxg6 Kf8 47. Rxb7 Ke8 48. f7+ Kf8 49. Rb8+ Ke7 50. Re8+ Kd7 51. f8=Q 1-0


[Site "https://www.chess.com"]

[Event "Titled Tuesday Blitz November 22 Late 2022"]
[White "Popilski, Gil"]
[Black "Silva, Pedro Gil Ferreira Da"]
[WhiteFideId "2809060"]
[BlackFideId "1946102"]
[WhiteElo "2537"]
[BlackElo "2241"]
[Result "1-0"]
[Round "01"]
[TimeControl "180+1"]
[Date "2022.11.23"]
[WhiteClock "0:01:55"]
[BlackClock "0:00:58"]

1. d4 Nf6 2. Nf3 e6 3. c4 Bb4+ 4. Bd2 c5 5. e3 d6 6. Bd3 Nc6 7. O-O Bxd2 8. Qxd2 O-O 9. Nc3 e5 10. dxe5 dxe5 11. Rad1 Bg4 12. Ne4 Bxf3 13. gxf3 Qe7 14. Nxf6+ Qxf6 15. Be4 Rad8 16. Qc3 Rd6 17. Rxd6 Qxd6 18. Qb3 b6 19. Rd1 Qf6 20. Qd3 Rd8 21. Qc2 Nb4 22. Rxd8+ Qxd8 23. Qa4 h5 24. Qxa7 h4 25. h3 g6 26. a3 Na2 27. Qa8 Qxa8 28. Bxa8 Kf8 29. Kf1 Nc1 30. Be4 f5 31. Bc2 Ke7 32. Ke1 Ke6 33. Kd2 Na2 34. Bb1 g5 35. Bxa2 g4 36. fxg4 fxg4 37. hxg4 h3 38. Bb1 1-0


[Site "https://www.chess.com"]

[Event "Titled Tuesday Blitz November 22 Late 2022"]
[White "Praggnanandhaa R"]
[Black "Souleidis, Georgios"]
[WhiteFideId "25059530"]
[BlackFideId "4206827"]
[WhiteElo "2599"]
[BlackElo "2401"]
[Result "1-0"]
[Round "01"]
[TimeControl "180+1"]
[Date "2022.11.22"]
[WhiteClock "0:02:00"]
[BlackClock "0:00:01"]

1. d3 d5 2. Nf3 Nf6 3. g3 c6 4. Bg2 Bf5 5. O-O e6 6. Nbd2 h6 7. Qe1 Be7 8. e4 Bh7 9. b3 O-O 10. Bb2 a5 11. a3 Na6 12. Ne5 Nd7 13. Nxd7 Qxd7 14. Qe2 Rfe8 15. Rad1 Bf8 16. Nf3 b5 17. Ne5 Qb7 18. Ng4 c5 19. exd5 exd5 20. Qf3 Qd7 21. Ne5 Qc7 22. Qxd5 Rad8 23. Qc6 Qxc6 24. Nxc6 Rc8 25. Nxa5 Re2 26. Rc1 Rc7 27. Bf3 1-0


[Site "https://www.chess.com"]

[Event "Titled Tuesday Blitz November 22 Late 2022"]
[White "Prem, Pranav"]
[Black "Korchmar, Vasiliy"]
[WhiteFideId "30901057"]
[BlackFideId "24131750"]
[WhiteElo "1970"]
[BlackElo "2370"]
[Result "0-1"]
[Round "01"]
[TimeControl "180+1"]
[Date "2022.11.23"]
[WhiteClock "0:00:04"]
[BlackClock "0:00:03"]

1. d4 d5 2. c4 c6 3. Nf3 Nf6 4. e3 e6 5. b3 Ne4 6. Nbd2 Bb4 7. Bd3 f5 8. Qc2 Nd7 9. a3 Bd6 10. Bb2 Qf6 11. O-O O-O 12. Ne1 Bxh2+ 13. Kxh2 Qh4+ 14. Kg1 Rf6 15. Bxe4 fxe4 16. f3 Rh6 17. fxe4 Nf6 18. Nef3 Qg3 19. e5 Ng4 20. Rae1 Bd7 21. e4 Rf8 22. Re2 Rh2 23. exd5 cxd5 24. cxd5 Ne3 25. Ne4 Rxg2+ 26. Rxg2 Qh3 27. Qf2 Nxg2 28. Qxg2 Qh5 29. dxe6 Bxe6 30. Neg5 Bd5 31. Qg3 h6 32. Nh3 Bxf3 33. e6 Rf6 34. d5 Rg6 35. Qxg6 Qxg6+ 36. Kf2 Qg2+ 37. Ke3 Qe2+ 38. Kf4 Bxd5 39. Rf2 Qxe6 40. Kg3 Qg6+ 41. Kh2 Qd6+ 42. Nf4 g5 43. Kg3 gxf4+ 44. Rxf4 Kh7 45. Kg4 Qg6+ 46. Kh3 Qh5+ 0-1


[Site "https://www.chess.com"]

[Event "Titled Tuesday Blitz November 22 Late 2022"]
[White "Prithu Gupta"]
[Black "Riff, Vincent"]
[WhiteFideId "46618546"]
[BlackFideId "617776"]
[WhiteElo "2344"]
[BlackElo "2369"]
[Result "0-1"]
[Round "01"]
[TimeControl "180+1"]
[Date "2022.11.23"]
[WhiteClock "0:01:40"]
[BlackClock "0:01:47"]

1. d4 Nf6 2. Nf3 e6 3. c4 Bb4+ 4. Nbd2 a5 5. e3 O-O 6. Bd3 d6 7. O-O e5 8. Qc2 Bxd2 9. Bxd2 Nc6 10. dxe5 dxe5 11. Ng5 h6 12. Nh7 Re8 13. Nxf6+ Qxf6 14. a3 Bg4 15. Bc3 Rad8 16. f4 Qe7 17. Bh7+ Kh8 18. f5 Qf6 19. h3 Bh5 20. g4 Kxh7 21. gxh5 Qg5+ 22. Kh2 f6 23. Rg1 Qxe3 24. Rg6 Nd4 25. Bxd4 Rxd4 0-1


[Site "https://www.chess.com"]

[Event "Titled Tuesday Blitz November 22 Late 2022"]
[White "Rangel, Daniel"]
[Black "Rasulov, Vugar"]
[WhiteFideId "2124475"]
[BlackFideId "13402390"]
[WhiteElo "2225"]
[BlackElo "2509"]
[Result "0-1"]
[Round "01"]
[TimeControl "180+1"]
[Date "2022.11.23"]
[WhiteClock "0:00:13"]
[BlackClock "0:01:09"]

1. d4 Nf6 2. c4 g6 3. Nc3 d5 4. cxd5 Nxd5 5. Bd2 Bg7 6. e4 Nxc3 7. Bxc3 O-O 8. Nf3 c5 9. d5 Bxc3+ 10. bxc3 Qa5 11. Qd2 e6 12. Be2 exd5 13. exd5 Bg4 14. O-O Nd7 15. Rfe1 Rfe8 16. h3 Bxf3 17. Bxf3 Ne5 18. Qe3 Rad8 19. g3 Nxf3+ 20. Qxf3 Rxe1+ 21. Rxe1 Qxa2 22. Rd1 Qa6 23. Qe3 Qd6 24. c4 a6 25. Rb1 Rb8 26. f4 b5 27. Qe5 Qxe5 28. fxe5 b4 29. d6 Kf8 30. Kf2 a5 31. Ke3 a4 32. Kd3 a3 33. Kc2 a2 34. Ra1 b3+ 35. Kb2 Ke8 36. Rf1 h5 37. g4 hxg4 38. hxg4 g5 39. Rf3 Ra8 40. Rf1 Rb8 41. Rf5 Rb7 42. Rf3 Rb4 43. Rf5 Rxc4 44. Rxg5 Rc2+ 45. Kxb3 a1=Q 46. Rg8+ Kd7 47. Kxc2 Qxe5 0-1


[Site "https://www.chess.com"]

[Event "Titled Tuesday Blitz November 22 Late 2022"]
[White "Remolar Gallen, Jose"]
[Black "Milikow, Yoav"]
[WhiteFideId "2215187"]
[BlackFideId "2822237"]
[WhiteElo "2252"]
[BlackElo "2341"]
[Result "0-1"]
[Round "01"]
[TimeControl "180+1"]
[Date "2022.11.23"]
[WhiteClock "0:00:05"]
[BlackClock "0:00:14"]

1. d4 Nf6 2. Nf3 d5 3. c4 e6 4. Nc3 Bb4 5. cxd5 exd5 6. Bg5 h6 7. Bh4 g5 8. Bg3 Ne4 9. Nd2 Nc6 10. Ndxe4 dxe4 11. e3 h5 12. h4 Bd7 13. hxg5 Qxg5 14. Bh4 Qa5 15. Qb3 Be6 16. Bc4 Bxc4 17. Qxc4 Ne7 18. O-O Bxc3 19. bxc3 Nf5 20. Bf6 Rh6 21. Be5 Rc6 22. Qe2 Rh6 23. Rab1 O-O-O 24. Rb5 Qa6 25. Rfb1 Rb6 26. c4 f6 27. Qxh5 Ne7 28. Bf4 Qxa2 29. Qf7 Rxb5 30. Rxb5 Qa1+ 31. Kh2 Rh8+ 32. Kg3 Qh1 33. Qe6+ Kb8 34. Bxc7+ Ka8 35. Qxe7 Qh4# 0-1


[Site "https://www.chess.com"]

[Event "Titled Tuesday Blitz November 22 Late 2022"]
[White "Rengifo Blancas, Renzo Jhonathan"]
[Black "Goryachkina, Aleksandra"]
[WhiteFideId "3807185"]
[BlackFideId "4147103"]
[WhiteElo "2058"]
[BlackElo "2484"]
[Result "0-1"]
[Round "01"]
[TimeControl "180+1"]
[Date "2022.11.23"]
[WhiteClock "0:00:48"]
[BlackClock "0:00:33"]

1. Nf3 Nf6 2. d4 c5 3. d5 b5 4. e3 Bb7 5. c4 g6 6. a4 bxc4 7. Bxc4 Bg7 8. Nc3 O-O 9. Qb3 Qc8 10. e4 d6 11. h3 Ba6 12. O-O Bxc4 13. Qxc4 Nbd7 14. a5 Rb8 15. Re1 Nh5 16. g4 Nhf6 17. e5 Nxe5 18. Nxe5 dxe5 19. Rxe5 Nxg4 20. Rxe7 Ne5 21. Qe2 Qf5 22. f4 Nd3 23. d6 Bd4+ 24. Kh2 Nxc1 25. Rxc1 Qxf4+ 26. Kg2 Qxc1 27. Na4 Qg5+ 28. Kh1 Qd5+ 29. Kh2 Qxd6+ 0-1


[Site "https://www.chess.com"]

[Event "Titled Tuesday Blitz November 22 Late 2022"]
[White "Richter, Paul"]
[Black "Arbunic Castro, Giovanna"]
[WhiteFideId "2046350"]
[BlackFideId "3400549"]
[WhiteElo "2549"]
[BlackElo "1979"]
[Result "1-0"]
[Round "01"]
[TimeControl "180+1"]
[Date "2022.11.23"]
[WhiteClock "0:00:35"]
[BlackClock "0:01:26"]

1. e4 g6 2. d4 Bg7 3. Nc3 c5 4. Nf3 Qa5 5. Be3 Nf6 6. Qd2 Ng4 7. dxc5 Nxe3 8. Qxe3 O-O 9. e5 Nc6 10. Bc4 d6 11. cxd6 exd6 12. exd6 Bf5 13. O-O-O Rfe8 14. Qd2 Rad8 15. Rhe1 Ne5 16. Nxe5 Bxe5 17. Qd5 Qxd5 18. Bxd5 Rxd6 19. Rxe5 Rxe5 20. Bxf7+ Kxf7 21. Rxd6 Re1+ 22. Kd2 Rf1 23. Ke2 Rc1 24. Rd2 Bxc2 25. Rd7+ Kf6 26. Kd2 Rd1+ 27. Nxd1 Bf5 28. Rxb7 1-0


[Site "https://www.chess.com"]

[Event "Titled Tuesday Blitz November 22 Late 2022"]
[White "Rios Escobar, Adan"]
[Black "Piesik, Piotr"]
[WhiteFideId "3403645"]
[BlackFideId "1136194"]
[WhiteElo "2348"]
[BlackElo "2316"]
[Result "0-1"]
[Round "01"]
[TimeControl "180+1"]
[Date "2022.11.23"]
[WhiteClock "0:00:01"]
[BlackClock "0:00:54"]

1. d4 c5 2. d5 e5 3. e4 d6 4. Nd2 Be7 5. a4 Nd7 6. Ngf3 Ngf6 7. Bd3 O-O 8. O-O b6 9. Nh4 Re8 10. Nf5 Bf8 11. Nc4 Qc7 12. f4 g6 13. fxe5 Nxe5 14. Nxe5 Rxe5 15. Ng3 Bg4 16. Qd2 Bg7 17. Qf2 Bd7 18. Bf4 Re7 19. e5 dxe5 20. Bg5 Ng4 21. Qe2 f6 22. Rad1 Ree8 23. d6 Qd8 24. Bc4+ Kh8 25. Bc1 f5 26. h3 Nf6 27. Bf7 Rf8 28. Ba2 Bxa4 29. Qxe5 Bxc2 30. Rde1 Ne4 31. Qf4 Qxd6 32. Qxd6 Nxd6 33. Bf4 Ne4 34. Nxe4 Bxe4 35. Re2 Bd3 36. Rfe1 Bxe2 37. Rxe2 Rfe8 38. Rd2 Rad8 39. Rf2 Bd4 40. Kf1 Bxf2 41. Kxf2 Kg7 42. h4 h6 43. g3 Re4 44. Bc1 Rd1 45. Bf4 Rxf4+ 46. gxf4 Rd2+ 47. Ke3 Rxb2 48. Bd5 a5 49. h5 gxh5 50. Bf3 h4 51. Bd5 h3 52. Kf3 h2 53. Kg3 a4 54. Kh3 a3 55. Bf3 a2 56. Kh4 a1=Q 0-1


[Site "https://www.chess.com"]

[Event "Titled Tuesday Blitz November 22 Late 2022"]
[White "Rizzo, Tobias"]
[Black "Han, Yichen"]
[WhiteFideId "30942691"]
[BlackFideId "1054430"]
[WhiteElo "2298"]
[BlackElo "2323"]
[Result "0-1"]
[Round "01"]
[TimeControl "180+1"]
[Date "2022.11.23"]
[WhiteClock "0:00:07"]
[BlackClock "0:00:51"]

1. d4 g6 2. e4 Bg7 3. Nc3 a6 4. Bf4 b5 5. Qd2 Bb7 6. f3 d6 7. h4 Nf6 8. g4 Nbd7 9. h5 e5 10. h6 Bf8 11. Be3 Be7 12. Nge2 c6 13. Ng3 Qa5 14. Bh3 exd4 15. Bxd4 Ne5 16. Bxe5 dxe5 17. g5 Rd8 18. Qe3 Nd7 19. O-O-O b4 20. Nb1 Qc5 21. Bxd7+ Rxd7 22. Qxc5 Bxc5 23. Rxd7 Kxd7 24. Nf1 a5 25. Nbd2 Ba6 26. Nb3 Bb6 27. Kd2 Ke6 28. Nc1 c5 29. b3 c4 30. bxc4 Bxc4 31. Ne3 Rd8+ 32. Nd3 Bxa2 33. Ng4 Bc4 34. Nxe5 Bb5 35. f4 Bd4 36. f5+ Ke7 37. Nf3 Bc3+ 38. Ke3 a4 39. Nf4 a3 40. Nd5+ Rxd5 41. exd5 a2 42. f6+ Kd6 43. Nd4 Bc4 44. Nb3 Bxb3 45. cxb3 a1=Q 46. Rxa1 Bxa1 47. Ke4 Bb2 48. Kf4 Kxd5 49. Kg4 Bc1 50. Kh4 Ke5 51. Kg4 Ke4 52. Kh4 Kf5 53. Kh3 Bxg5 54. Kg3 Bxf6 0-1


[Site "https://www.chess.com"]

[Event "Titled Tuesday Blitz November 22 Late 2022"]
[White "Robson, Ray"]
[Black "Tomaszewski, Kacper"]
[WhiteFideId "2023970"]
[BlackFideId "1127373"]
[WhiteElo "2668"]
[BlackElo "2211"]
[Result "1-0"]
[Round "01"]
[TimeControl "180+1"]
[Date "2022.11.22"]
[WhiteClock "0:00:28"]
[BlackClock "0:01:00"]

1. e4 c5 2. Nf3 e6 3. d4 cxd4 4. Nxd4 Bc5 5. Be3 Qb6 6. Na3 d5 7. Bb5+ Bd7 8. O-O a6 9. Bxd7+ Nxd7 10. exd5 exd5 11. Nf5 g6 12. Bxc5 Nxc5 13. Qd4 Qf6 14. Qxc5 Qxf5 15. Rfe1+ Kd7 16. Rad1 1-0


[Site "https://www.chess.com"]

[Event "Titled Tuesday Blitz November 22 Late 2022"]
[White "Roman, Rodrigo"]
[Black "Yuan, Qingyu"]
[WhiteFideId "3701220"]
[BlackFideId "8609772"]
[WhiteElo "1995"]
[BlackElo "2359"]
[Result "0-1"]
[Round "01"]
[TimeControl "180+1"]
[Date "2022.11.23"]
[WhiteClock "0:00:47"]
[BlackClock "0:01:04"]

1. e4 e5 2. Nf3 Nc6 3. Bb5 Nf6 4. d3 Bc5 5. O-O Nd4 6. Bc4 d6 7. c3 Nxf3+ 8. Qxf3 Be6 9. h3 h6 10. Be3 Bxe3 11. Qxe3 O-O 12. Nd2 Qe7 13. Bxe6 fxe6 14. f4 exf4 15. Rxf4 Nh5 16. Rg4 Kh7 17. d4 a5 18. a4 e5 19. d5 Rf6 20. Nc4 b6 21. Kh2 Qd7 22. Rh4 Nf4 23. b3 Raf8 24. b4 axb4 25. cxb4 b5 26. Na5 bxa4 27. Nc6 Ra8 28. Rg4 Qf7 29. Rg3 Nh5 30. Rf3 Nf4 31. g3 Nxd5 32. Rxf6 Nxf6 33. Kg2 Qc4 34. Ne7 Qxe4+ 35. Qxe4+ Nxe4 36. Ra3 Nd2 37. Nd5 Nc4 38. Ra2 c6 39. Nc3 a3 40. Kf3 Rb8 41. Ke2 Rxb4 42. Kd3 d5 43. g4 Kg6 44. h4 Rb2 45. Ra1 Rd2# 0-1


[Site "https://www.chess.com"]

[Event "Titled Tuesday Blitz November 22 Late 2022"]
[White "Romanchuk, Viktor"]
[Black "Guzman Moneo, Alberto"]
[WhiteFideId "14109271"]
[BlackFideId "2209616"]
[WhiteElo "2242"]
[BlackElo "2157"]
[Result "1-0"]
[Round "01"]
[TimeControl "180+1"]
[Date "2022.11.23"]
[WhiteClock "0:01:06"]
[BlackClock "0:00:59"]

1. d4 Nf6 2. c4 c5 3. Nf3 cxd4 4. Nxd4 e5 5. Nb5 d5 6. cxd5 Bc5 7. N5c3 O-O 8. h3 e4 9. g4 Re8 10. Bg2 e3 11. Bxe3 Rxe3 12. fxe3 Bxe3 13. Na3 Ne8 14. Qd3 Qh4+ 15. Kd1 Bc5 16. Nc4 Nd6 17. Nxd6 Bxd6 18. Ne4 Be5 19. Rc1 Nd7 20. Rf1 Bxb2 21. Rc7 Be5 22. d6 Qd8 23. Qd5 Qe8 24. g5 Rb8 25. h4 b6 26. Bh3 Nf8 27. Bxc8 Qd8 28. Qxf7+ 1-0


[Site "https://www.chess.com"]

[Event "Titled Tuesday Blitz November 22 Late 2022"]
[White "Romero Ruscalleda, Josep"]
[Black "Kuzmicz, Krystian"]
[WhiteFideId "2231859"]
[BlackFideId "1119125"]
[WhiteElo "2183"]
[BlackElo "2380"]
[Result "0-1"]
[Round "01"]
[TimeControl "180+1"]
[Date "2022.11.23"]
[WhiteClock "0:00:16"]
[BlackClock "0:00:38"]

1. e4 c5 2. c3 g6 3. d4 cxd4 4. cxd4 d5 5. Nc3 Bg7 6. exd5 Nf6 7. Bc4 Nbd7 8. Nf3 Nb6 9. Bb3 Nfxd5 10. O-O O-O 11. Bg5 Be6 12. Qd2 Rc8 13. Rfe1 Qd6 14. Nxd5 Nxd5 15. Bxd5 Qxd5 16. Bxe7 Rfe8 17. Bg5 Bf5 18. Be3 Rc2 19. Qb4 Rec8 20. Rec1 Rxc1+ 21. Rxc1 Rxc1+ 22. Bxc1 Qxa2 23. Qxb7 Qb1 24. Qb8+ Bf8 25. Qf4 Bd6 26. Qe3 a5 27. h3 a4 28. g4 Be6 29. Kg2 Bd5 30. h4 Qc2 31. h5 gxh5 32. gxh5 Kf8 33. Qh6+ Ke7 34. Qg5+ Ke6 35. Qg4+ Qf5 36. Qh4 Qxf3+ 37. Kf1 Qd1# 0-1


[Site "https://www.chess.com"]

[Event "Titled Tuesday Blitz November 22 Late 2022"]
[White "Roque Sola, Gisela"]
[Black "vjecspec"]
[WhiteFideId "5120241"]
[WhiteElo "1961"]
[BlackElo "2559"]
[Result "0-1"]
[Round "01"]
[TimeControl "180+1"]
[Date "2022.11.23"]
[WhiteClock "0:00:03"]
[BlackClock "0:00:09"]

1. e4 g6 2. d4 Bg7 3. Be3 d5 4. exd5 Qxd5 5. c4 Qd6 6. Nc3 c6 7. Nf3 Nf6 8. h3 O-O 9. Qb3 Nbd7 10. Rd1 Qc7 11. Be2 Nb6 12. O-O Bf5 13. a4 Ne4 14. Nh4 Nxc3 15. bxc3 Be6 16. a5 Nc8 17. d5 Bd7 18. Bd4 Qxa5 19. Bxg7 Kxg7 20. Ra1 Qb6 21. Qc2 cxd5 22. cxd5 Nd6 23. c4 Rfc8 24. Nf3 Qc7 25. Rfc1 Kg8 26. Nd4 Nf5 27. Nb3 a5 28. Qe4 a4 29. Nd2 b6 30. Bd3 Re8 31. g4 Nd6 32. Qd4 Nb7 33. Nf3 Nc5 34. Ne5 f6 35. Nf3 a3 36. Ra2 Ba4 37. Qe3 Bb3 38. Rca1 Bxa2 39. Rxa2 Qd6 40. Nd4 Ra5 41. Nb5 Rxb5 42. cxb5 Qxd5 43. Rxa3 Nxd3 44. Rxd3 Qxb5 45. Qe6+ Kf8 46. Rd7 Qb1+ 47. Kg2 Qb4 48. Rb7 b5 49. Qc6 Qf4 50. Rxb5 Rd8 51. Rb7 Qd6 52. Qxd6 Rxd6 53. f4 Rd3 54. Rc7 Kf7 55. Rb7 h5 56. Ra7 h4 57. Rb7 Rg3+ 58. Kh2 Rf3 59. Rb4 g5 60. Ra4 Rxf4 61. Kg2 Rxa4 0-1


[Site "https://www.chess.com"]

[Event "Titled Tuesday Blitz November 22 Late 2022"]
[White "Rosenberg, Evan S"]
[Black "Wen, Tommy"]
[WhiteFideId "2019299"]
[BlackFideId "30952255"]
[WhiteElo "2379"]
[BlackElo "2739"]
[Result "1/2-1/2"]
[Round "01"]
[TimeControl "180+1"]
[Date "2022.11.23"]
[WhiteClock "0:00:06"]
[BlackClock "0:00:16"]

1. d4 d5 2. Nf3 Nf6 3. c3 c6 4. Qc2 g6 5. h3 Bg7 6. Bf4 O-O 7. Nbd2 Bf5 8. Qb3 Qb6 9. e3 Nbd7 10. g4 Be6 11. Ng5 c5 12. Qxb6 axb6 13. Nxe6 fxe6 14. a3 c4 15. Bg2 b5 16. O-O Nb6 17. Rab1 Na4 18. Be5 Nd7 19. Bxg7 Kxg7 20. e4 Ndb6 21. Rfe1 Rf7 22. Nf3 h6 23. Ne5 Rff8 24. h4 Rac8 25. h5 gxh5 26. gxh5 Kh7 27. Re3 Rf6 28. Rg3 Rcf8 29. exd5 exd5 30. f3 e6 31. Bh3 Rg8 32. Rxg8 Kxg8 33. Kh2 Kh7 34. Kg3 Kg7 35. f4 Kf8 36. Kf3 Ke7 37. Ke3 Nd7 38. Rg1 Nxe5 39. fxe5 Rf7 40. Rg2 Rf8 41. Rg7+ Rf7 42. Rg2 Rh7 43. Rf2 Rf7 44. Rg2 1/2-1/2


[Site "https://www.chess.com"]

[Event "Titled Tuesday Blitz November 22 Late 2022"]
[White "Sabar, Ethmane Daouda"]
[Black "Bobadilla Viera, Jorge Samuel"]
[WhiteFideId "19600097"]
[BlackFideId "3906353"]
[WhiteElo "1950"]
[BlackElo "2212"]
[Result "0-1"]
[Round "01"]
[TimeControl "180+1"]
[Date "2022.11.23"]
[WhiteClock "0:00:01"]
[BlackClock "0:01:19"]

1. b3 e5 2. Bb2 Nc6 3. e3 d5 4. Bb5 Bd6 5. f4 Qh4+ 6. g3 Qe7 7. Nf3 f6 8. O-O e4 9. Nd4 Bd7 10. Bxc6 bxc6 11. c4 Nh6 12. d3 O-O 13. Nc3 Ng4 14. Qd2 exd3 15. Rae1 dxc4 16. bxc4 c5 17. Ndb5 Rab8 18. Qxd3 Bc6 19. Nd5 Qf7 20. e4 Qh5 21. Re2 Kh8 22. Bc3 Qh3 23. Nxd6 cxd6 24. Ne7 Ba8 25. Nf5 Rbd8 26. Rd1 Bc6 27. Ne7 Bb7 28. Rb1 Ba8 29. Nd5 Bxd5 30. Qxd5 Nxh2 31. Bxf6 Nf3+ 32. Kf2 Rxf6 0-1


[Site "https://www.chess.com"]

[Event "Titled Tuesday Blitz November 22 Late 2022"]
[White "Sabuk, Piotr"]
[Black "Baltaci, Ismail Tarik"]
[WhiteFideId "1137565"]
[BlackFideId "6365213"]
[WhiteElo "2326"]
[BlackElo "2321"]
[Result "1-0"]
[Round "01"]
[TimeControl "180+1"]
[Date "2022.11.23"]
[WhiteClock "0:00:18"]
[BlackClock "0:00:15"]

1. d4 Nf6 2. Nf3 e6 3. Bg5 d5 4. e3 Nbd7 5. c4 Be7 6. Nc3 O-O 7. Rc1 a6 8. Qc2 dxc4 9. Bxc4 b5 10. Bd3 h6 11. Bh4 Bb7 12. O-O c5 13. Ne4 Nxe4 14. Bxe7 Qxe7 15. Bxe4 Bxe4 16. Qxe4 Nf6 17. Qe5 cxd4 18. Nxd4 Rac8 19. Nf5 Qb4 20. a3 Rxc1 21. Nxh6+ Kh7 22. axb4 Rxf1+ 23. Kxf1 Kxh6 24. Qd6 Rc8 25. Qxa6 Rc2 26. Qxb5 Ne4 27. f3 Nf6 28. g4 Nd5 29. e4 Ne3+ 30. Ke1 Ng2+ 31. Kd1 Ne3+ 32. Ke1 Ng2+ 33. Kf1 Ne3+ 34. Kg1 g6 35. h4 f6 36. Qb8 Kg7 37. Qa7+ Kg8 38. Qxe3 Kf7 39. Qb3 Rd2 40. b5 Rd6 41. b6 1-0


[Site "https://www.chess.com"]

[Event "Titled Tuesday Blitz November 22 Late 2022"]
[White "Salman, Pavel"]
[Black "Terry, Renato"]
[WhiteFideId "24153753"]
[BlackFideId "3803457"]
[WhiteElo "2187"]
[BlackElo "2577"]
[Result "0-1"]
[Round "01"]
[TimeControl "180+1"]
[Date "2022.11.22"]
[WhiteClock "0:00:25"]
[BlackClock "0:00:16"]

1. Nf3 Nf6 2. g3 d5 3. Bg2 c6 4. O-O Bg4 5. d3 Nbd7 6. h3 Bh5 7. Qe1 e5 8. e4 dxe4 9. dxe4 Be7 10. Nbd2 O-O 11. Nc4 Qc7 12. a4 Rfe8 13. Bg5 h6 14. Bd2 Bg6 15. Nh4 Bh7 16. Bc3 Bf8 17. Nf5 Bxf5 18. exf5 e4 19. Rd1 Nd5 20. Ne3 Nxc3 21. Qxc3 Nf6 22. g4 Qf4 23. Rfe1 Bd6 24. Nf1 Re7 25. Qg3 Qxg3 26. Nxg3 Bxg3 27. fxg3 Rae8 28. Rd4 Re5 29. Re2 a5 30. c3 Kf8 31. Kf1 h5 32. Ke1 hxg4 33. hxg4 Nxg4 34. Rdxe4 Rxe4 35. Rxe4 Nh6 36. Rxe8+ Kxe8 37. Be4 Kd7 38. b4 b6 39. Ke2 Kd6 40. Kf3 f6 41. g4 Nf7 42. Kf4 Ng5 43. Bg2 c5 44. bxa5 bxa5 45. Bf1 Kd5 46. Ba6 Nf7 47. Bf1 c4 48. Bg2+ Kc5 49. Ba8 Ne5 50. g5 Nd3+ 51. Kg4 Nb2 52. Kh5 Nxa4 53. Kg6 Nb6 54. gxf6 gxf6 55. Kxf6 Nxa8 56. Ke7 Nb6 57. f6 Nd5+ 58. Ke6 Nxf6 59. Kxf6 a4 0-1


[Site "https://www.chess.com"]